 Dungeon Sprint DCSS version 0.30-a0-719-gcc4359ea44 (webtiles) character file.

Game seed: 13167531805158771710

267850 CrazyBamboolord the Minotaur Barricade (level 17, -18/191 HPs)
             Began as a Minotaur Fighter on Jan 26, 2023.
             Was an Elder of Okawaru.
             Killed from afar by an orb of fire (66 damage)
             ... with a bolt of fire
             ... in the Dungeon (Sprint IX: "|||||||||||||||||||||||||||||").
             The game lasted 00:51:53 (10585 turns).

CrazyBamboolord the Minotaur Barricade (MiFi)      Turns: 10585, Time: 00:51:54

Health: -18/191    AC: 49    Str: 34    XL:     17   Next: 72%
Magic:  26/43      EV: 11    Int: 13    God:    Okawaru [****..]
Gold:   1298       SH: 25    Dex: 10    Spells: 16/16 levels left

rFire   . . .      SeeInvis +    m - +4 eudemon blade (holy)
rCold   + . .      Faith    .    X - +1 tower shield of Beyond {rN+}
rNeg    + + +      Spirit   .    w - +6 crystal plate armour
rPois   +          Reflect  .    n - +3 hat of Pondering {ponderous, Will+ MP+10 Int+5}
rElec   .          Harm     .    u - +2 cloak
rCorr   .          Rampage  .    i - +2 pair of gloves {infuse}
Will    +++++      NoTele   +    v - +3 pair of mountain boots {steadfast, rC+} Stlth
                                 E - amulet of regeneration
HPRegen 0.00/turn                J - ring of Ydowuwk {rPois Will+ Str+5 SInv}
MPRegen 0.28/turn                K - ring of Jubeef {Drain rN++ Will+++ AC+3 Int+3}

@: heroic, finesse-ful, inhibited regen, slow
A: horns 2, retaliatory headbutt, deformed body, inhibited regeneration
}: 5/17 runes: decaying, serpentine, barnacled, silver, gossamer
a: Renounce Religion, Heroism, Finesse


You were in the Dungeon.
You worshipped Okawaru.
Okawaru was greatly pleased with you.
You visited 1 branch You collected 1979 gold pieces.
You spent 681 gold pieces at shops.

Inventory:

Hand Weapons
 a - a +5 scimitar of protection
 b - a +1 double sword of holy wrath
 m - a +4 eudemon blade of holy wrath (weapon)
 p - a +1 scimitar of flaming
 D - the +5 demon blade "CrazyBamboolord's Death" {flame, rF- Will++ Str+5}
   (You found it in the Dungeon)

   Str:       It affects your strength (+5).
   rF:        It makes you vulnerable to fire.
   Will:      It greatly increases your willpower.
Missiles
 c - 8 boomerangs
 d - 15 javelins
 e - 9 silver javelins (quivered)
 j - 8 atropa-tipped darts
 o - 3 curare-tipped darts
 A - 2 boomerangs of dispersal
 B - 2 datura-tipped darts
 C - 5 throwing nets
Armour
 i - a +2 pair of gloves of infusion (worn)
 n - the +3 hat of Pondering (worn) {ponderous, Will+ MP+10 Int+5}
   (You found it in the Dungeon)

   Int:       It affects your intelligence (+5).
   MP:        It affects your magic capacity (+10).
   Will:      It increases your willpower.
 u - a +2 cloak (worn)
 v - the +3 pair of mountain boots (worn) {steadfast, rC+}
   (Okawaru gifted it to you in the Dungeon)

   Steadfast: It prevents involuntary movement, except for blinking,
   teleportation, or banishment.
   rC:        It protects you from cold.
 w - a +6 crystal plate armour (worn)
 F - +6 fire dragon scales
 G - a +3 tower shield of protection
 Q - the +0 tower shield of the Kraken {rC++ Stlth+}
   (You found it in the Dungeon)

   rC:        It greatly protects you from cold.
   Stlth:     It makes you more stealthy.
 X - the +1 tower shield of Beyond (worn) {rN+}
   (You took it off Mennas in the Dungeon)

   rN:        It protects you from negative energy.
Jewellery
 k - the ring "Ratutt" {Str+3 Slay+3}
   (You found it in the Dungeon)

   [ring of strength]

   Str:       It affects your strength (+3).
   Slay:      It affects your accuracy & damage with ranged weapons and melee
   (+3).
 y - an amulet of reflection
 E - an amulet of regeneration (around neck)
 H - the ring of Nonetos {rC+ Will+++ Dex+2}
   (You found it in the Dungeon)

   [ring of protection from cold]

   Dex:       It affects your dexterity (+2).
   rC:        It protects you from cold.
   Will:      It greatly increases your willpower.
 I - the ring "Faipsoch" {Str+6 Dex+4}
   (You found it in the Dungeon)

   [ring of strength]

   Str:       It affects your strength (+6).
   Dex:       It affects your dexterity (+4).
 J - the ring of Ydowuwk (left hand) {rPois Will+ Str+5 SInv}
   (You found it in the Dungeon)

   [ring of see invisible]

   Str:       It affects your strength (+5).
   rPois:     It protects you from poison.
   SInv:      It lets you see invisible.
   Will:      It increases your willpower.
 K - the ring of Jubeef (right hand) {Drain rN++ Will+++ AC+3 Int+3}
   (You found it in the Dungeon)

   [ring of protection]

   AC:        It affects your AC (+3).
   Int:       It affects your intelligence (+3).
   rN:        It greatly protects you from negative energy.
   Drain:     It drains your maximum health when unequipped.
   Will:      It greatly increases your willpower.
Wands
 l - a wand of roots (8)
Scrolls
 f - 2 scrolls of blinking
 s - 4 scrolls of fog
 t - 9 scrolls of identify
 x - a scroll of silence
 P - a scroll of fear
Potions
 g - 4 potions of brilliance
 h - 8 potions of magic
 q - 5 potions of mutation
 r - a potion of attraction
 z - 2 potions of invisibility
 L - 4 potions of haste
 R - 6 potions of heal wounds
 S - 4 potions of curing
 T - a potion of resistance


   Skills:
 O Level 27 Fighting
 O Level 27 Long Blades
 + Level 1.0(6.4) Axes
 + Level 1.0(6.2) Maces & Flails
 + Level 1.0(6.2) Polearms
 + Level 0.8(5.8) Ranged Weapons
 O Level 27 Throwing
 O Level 27 Armour
 - Level 3.1(8.1) Dodging
 O Level 27 Shields
 + Level 0.4 Conjurations
 + Level 0.4 Hexes
 + Level 0.4 Summonings
 + Level 0.4 Necromancy
 + Level 0.4 Translocations
 + Level 0.5 Transmutations
 + Level 0.3 Fire Magic
 + Level 0.3 Ice Magic
 + Level 0.3 Air Magic
 + Level 0.4 Earth Magic
 + Level 0.3 Poison Magic
 O Level 27 Invocations


You had 16 spell levels left.
You didn't know any spells.
Your spell library contained the following spells:

 Spells                   Type           Power      Damage    Failure   Level
 Static Discharge         Conj/Air       2%         2-3/arc   87%         2
 Vhi's Electric Charge    Tloc/Air       2%         N/A       98%         3
 Arcjolt                  Conj/Air       0%         1d10      100%        5
 Lightning Bolt           Conj/Air       0%         1d11      100%        5


Dungeon Overview and Level Annotations

Branches:
Dungeon (1/1)

Altars:
Cheibriados
Dithmenos
Elyvilon
Fedhas
Gozag
Hepliaklqana
Kikubaaqudgha
Makhleb
Nemelex Xobeh
Okawaru
Qazlal
Ru
Sif Muna
Trog
Uskayaw
Vehumet
Wu Jian
Xom
Yredelemnul
Zin
The Shining One
Jiyva
Lugonu

Shops:
D [!:(


Innate Abilities, Weirdness & Mutations

You have a pair of horns on your head.
You reflexively headbutt those who attack you in melee.
Armour fits poorly on your strangely shaped body.
You do not regenerate when monsters are visible.


Message History

The orb of fire emits a lurid red light.
The bolt of fire hits you! You block the green draconian's attack.
You closely miss the orb of fire.
The orb of fire is severely damaged.
You hit the orb of fire.
The orb of fire is severely damaged.
The orb of fire glows bright magenta.
The bolt of fire hits you!!!
You slash the orb of fire!
The orb of fire is severely damaged.
You block the green draconian's attack.
You closely miss the orb of fire.
The orb of fire is severely damaged.
You hit the orb of fire.
The orb of fire is severely damaged.
The green draconian closely misses you.
You miss the orb of fire. Your headbutt misses the orb of fire.
The orb of fire is severely damaged.
You miss the orb of fire.
The orb of fire is severely damaged.
The orb of fire glows bright magenta.
Strange energies course through your body.
Your body twists and deforms.
You block the green draconian's attack.
You hit the orb of fire but do no damage.
You headbutt the orb of fire!
The orb of fire is almost destroyed.
You closely miss the orb of fire.
The orb of fire is almost destroyed.
The orb of fire emits a lurid red light.
The fireball explodes!
The fireball engulfs you!!!
* * * LOW HITPOINT WARNING * * *
The fireball engulfs the orb of fire.
The orb of fire completely resists.
You block the green draconian's attack.
You slash the orb of fire!
The orb of fire is almost destroyed.
You feel much better.
The orb of fire glows yellow.
The bolt of fire hits you!!!
You die...

▓)▓.▓.▓.▓.▓.▓)▓.▓.
▓)▓.▓.▓.▓)▓.▓)▓.▓.
▓.▓.▓.▓.▓}▓.▓)▓.▓.
▓'▓.▓.▓[▓)▓.▓.▓.▓.
▓[▓.▓.▓.▓)▓.▓.▓.▓.
▓)▓.▓.▓.▓)▓.▓.▓.▓.
▓)▓.▓.▓)▓[▓.▓.▓.▓.
▓)▓.▓.▓)▓.▓.▓.▓.▓.
▓@▓.▓.▓.▓(▓.▓.▓.▓.
▓*▓.▓.▓.▓)▓.▓)▓.▓.
▓d▓.▓.▓.▓)▓.▓)▓.▓.
▓y▓.▓.▓.▓.▓.▓.▓.▓.
▓d▓.▓.▓.▓.▓.▓)▓.▓.
▓d▓.▓.▓.▓.▓.▓)▓.▓.
▓d▓.▓.▓.▓+▓.▓)▓.▓.
▓.▓.▓.▓.▓[▓.▓)▓.▓.
▓.▓.▓.▓.▓(▓.▓)▓.▓.


You could see an orb of fire, a black draconian, a yellow draconian, 2
draconians and a moth of wrath.

Vanquished Creatures
  Mennas (D)
  Mara (D)
  Sojobo (D)
  Margery (D)
  Frederick (D)
  Xtahua (D)
  A curse toe (D)
  Nikola (D)
  2 golden dragons (D)
  Jory (D)
  3 tentacled monstrosities (D)
  A lich (D)
  2 quicksilver dragons (D)
  A titan (D)
  2 sphinxes (D)
  A death cob (D)
  2 tengu reavers (D)
  A draconian monk (D)
  Ilsuiw (D)
  7 shadow dragons (D)
  2 fire giants (D)
  5 nagarajas (D)
  5 emperor scorpions (D)
  A frost giant (D)
  Aizul (D)
  3 ghost moths (D)
  4 vault wardens (D)
  Louise (D)
  A deep elf sorcerer (D)
  A draconian annihilator (D)
  3 ironbound preservers (D)
  3 draconian stormcallers (D)
  A draconian shifter (D)
  A very ugly thing (D)
  10 stone giants (D)
  A vampire knight (D)
  2 black draconians (D)
  A deep elf annihilator (D)
  Azrael (D)
  A deep elf demonologist (D)
  2 purple draconians (D)
  3 white draconians (D)
  2 yellow draconians (D)
  A spark wasp (D)
  Snorg (D)
  3 red draconians (D)
  5 merfolk javelineers (D)
  4 merfolk impalers (D)
  4 ettins (D)
  7 fire dragons (D)
  3 yaktaur captains (D)
  An entropy weaver (D)
  3 ice dragons (D)
  25 vault guards (D)
  A peacekeeper (D)
  2 rakshasas (D)
  Harold (D)
  A salamander tyrant (D)
  2 merfolk avatars (D)
  4 ironbound frosthearts (D)
  A spriggan air mage (D)
  4 hydras (D)
  4 ogre magi (D)
  5 tengu warriors (D)
  2 merfolk aquamancers (D)
  A boulder beetle (D)
  A death yak (D)
  2 naga warriors (D)
  2 deep troll shamans (D)
  A two-headed ogre (D)
  An orc high priest (D)
  A deep troll earth mage (D)
  4 spriggans (D)
  2 spriggan berserkers (D)
  A naga sharpshooter (D)
  A shock serpent (D)
  4 hell knights (D)
  A skeletal warrior (D)
  2 pharaoh ants (D)
  A sea snake (D)
  4 deep trolls (D)
  3 goliath frogs (D)
  An orb spider (D)
  A phantasmal warrior (D)
  2 lindwurms (D)
  A wizard (D)
  3 orc knights (D)
  8 swamp dragons (D)
  A flayed ghost (D)
  3 necromancers (D)
  3 ironbound convokers (D)
  2 harpies (D)
  A cyclops (D)
  2 wolf spiders (D)
  3 manticores (D)
  3 deep elf pyromancers (D)
  5 moths of wrath (D)
  A water nymph (D)
  2 black mambas (D)
  Joseph (D)
  4 naga magi (D)
  A vault sentinel (D)
  3 guardian serpents (D)
  4 demonic crawlers (D)
  8 cane toads (D)
  A kobold demonologist (D)
  An unseen horror (D)
  4 komodo dragons (D)
  A freezing wraith (D)
  2 merfolk (D)
  A meliai (D)
  5 trolls (D)
  4 tyrant leeches (D)
  4 hornets (D)
  A jumping spider (shapeshifter) (D)
  A snapping turtle (D)
  A culicivora (D)
  A jumping spider (D)
  2 slime creatures (D)
  4 yaks (D)
  2 fire elementals (D)
  2 basilisks (D)
  A steam dragon (D)
  A redback (D)
  3 nagas (D)
  An acid dragon (D)
  A water moccasin (D)
  4 hell hounds (D)
  9 orc warriors (D)
  2 black bears (D)
  A kobold brigand (D)
  A bullfrog (D)
  6 orc priests (D)
  3 hounds (D)
  5 orc wizards (D)
  3 worms (D)
  3 orcs (D)
  2 endoplasms (D)
  A hobgoblin (D)
  A kobold (D)
  A quokka (D)
  A frilled lizard (D)
353 creatures vanquished.

Vanquished Creatures (others)
  A cane toad (shapeshifter) (D)
  A hornet (D)
  A tyrant leech (D)
  A swamp drake (D)
4 creatures vanquished.

Grand Total: 357 creatures vanquished

Notes
Turn   | Place    | Note
-------+----------+-------------------------------------------
     0 | D        | CrazyBamboolord the Minotaur Fighter began the quest for
                  | the Orb.
     0 | D        | Reached XP level 1. HP: 19/19 MP: 0/0
    55 | D        | Noticed a hound
    55 | D        | Noticed a black bear
    55 | D        | Noticed a hound
    55 | D        | Noticed a hound
    56 | D        | Killed a hound
    57 | D        | Reached skill level 5 in Fighting
    57 | D        | Reached skill level 5 in Armour
    57 | D        | Reached skill level 5 in Shields
    57 | D        | Reached XP level 2. HP: 29/29 MP: 1/1
    57 | D        | Reached XP level 3. HP: 36/36 MP: 2/2
    58 | D        | Killed a black bear
    59 | D        | Reached XP level 4. HP: 47/47 MP: 3/3
    60 | D        | Reached skill level 5 in Long Blades
    60 | D        | Reached XP level 5. HP: 52/52 MP: 4/4
    64 | D        | Reached skill level 1 in Dodging
    69 | D        | Found a snail-covered altar of Cheibriados.
    69 | D        | Found a shadowy altar of Dithmenos.
    69 | D        | Found a white marble altar of Elyvilon.
    69 | D        | Found a blossoming altar of Fedhas.
    69 | D        | Found an opulent altar of Gozag.
    70 | D        | Found a hazy altar of Hepliaklqana.
    71 | D        | Found a viscous altar of Jiyva.
    72 | D        | Found an ancient bone altar of Kikubaaqudgha.
    73 | D        | Found a corrupted altar of Lugonu.
    78 | D        | Found a burning altar of Makhleb.
    79 | D        | Found a sparkling altar of Nemelex Xobeh.
    80 | D        | Found an iron altar of Okawaru.
    81 | D        | Found a stormy altar of Qazlal.
    82 | D        | Found a sacrificial altar of Ru.
    85 | D        | Found a shimmering blue altar of Sif Muna.
    88 | D        | Found a bloodstained altar of Trog.
    89 | D        | Found a hide-covered altar of Uskayaw.
    90 | D        | Found a radiant altar of Vehumet.
    91 | D        | Found an ornate altar of the Wu Jian Council.
    92 | D        | Became a worshipper of Warmaster Okawaru
    93 | D        | Found a shimmering altar of Xom.
    94 | D        | Found a basalt altar of Yredelemnul.
    95 | D        | Found a glowing silver altar of Zin.
    96 | D        | Found a glowing golden altar of the Shining One.
   157 | D        | Noticed a yak
   157 | D        | Noticed a two-headed ogre
   157 | D        | Noticed a yak
   157 | D        | Noticed a kobold demonologist
   162 | D        | Killed a yak
   163 | D        | Reached XP level 6. HP: 60/63 MP: 4/6
   163 | D        | Noticed a rust devil
   171 | D        | Killed a two-headed ogre
   171 | D        | Reached * piety under Okawaru
   171 | D        | Reached ** piety under Okawaru
   171 | D        | Reached *** piety under Okawaru
   172 | D        | Reached skill level 10 in Shields
   172 | D        | Reached XP level 7. HP: 8/74 MP: 4/9
   176 | D        | Killed a yak
   177 | D        | Reached XP level 8. HP: 35/82 MP: 5/10
   181 | D        | Killed an unseen horror
   181 | D        | Reached **** piety under Okawaru
   184 | D        | Killed a kobold demonologist
   185 | D        | Reached skill level 10 in Long Blades
   185 | D        | Reached skill level 5 in Invocations
   195 | D        | Noticed a komodo dragon
   195 | D        | Noticed a cyclops
   195 | D        | Noticed a manticore
   195 | D        | Noticed a deep elf pyromancer
   195 | D        | Noticed a troll
   209 | D        | Killed a deep elf pyromancer
   209 | D        | Reached ***** piety under Okawaru
   210 | D        | Reached XP level 9. HP: 19/91 MP: 7/12
   214 | D        | Killed a komodo dragon
   303 | D        | Killed a cyclops
   308 | D        | Killed a manticore
   319 | D        | Killed a troll
   560 | D        | Received a gift from Okawaru
   717 | D        | Noticed a cane toad
   717 | D        | Noticed a cane toad
   717 | D        | Noticed a komodo dragon
   717 | D        | Noticed a cane toad
   717 | D        | Noticed a komodo dragon
   720 | D        | Noticed a cane toad
   726 | D        | Killed a cane toad
   727 | D        | Reached skill level 1 in Throwing
   734 | D        | Killed a cane toad
   735 | D        | Reached XP level 10. HP: 67/102 MP: 7/14
   758 | D        | Killed a cane toad
   764 | D        | Reached skill level 15 in Long Blades
   767 | D        | Killed a cane toad
   767 | D        | Received a gift from Okawaru
   801 | D        | Noticed a cane toad
   801 | D        | Noticed a cane toad
   801 | D        | Noticed a death yak
   809 | D        | Killed a cane toad
   812 | D        | Noticed a cane toad
   814 | D        | Noticed a cane toad
   834 | D        | Killed a death yak
   835 | D        | Reached skill level 15 in Fighting
   846 | D        | Killed a cane toad
  1118 | D        | Killed a cane toad
  1126 | D        | Killed a cane toad
  1250 | D        | Noticed a lindwurm
  1250 | D        | Noticed a lindwurm
  1257 | D        | Received a gift from Okawaru
  1258 | D        | Reached XP level 11. HP: 94/114 MP: 8/16
  1276 | D        | Reached skill level 15 in Armour
  1288 | D        | Killed a lindwurm
  1288 | D        | Received a gift from Okawaru
  1288 | D        | Found the +3 pair of mountain boots {steadfast, rC+}
  1297 | D        | Killed a lindwurm
  1298 | D        | Reached skill level 5 in Throwing
  1638 | D        | Noticed an orc high priest
  1661 | D        | Killed an orc high priest
  1710 | D        | Noticed an orc knight
  1745 | D        | Killed an orc knight
  1982 | D        | Found Ejoblaig's Armour Emporium.
  1982 | D        | Noticed an ogre mage
  1982 | D        | Noticed an ogre mage
  1982 | D        | Noticed an ogre mage
  1982 | D        | Noticed a deep troll
  1985 | D        | Noticed an ogre mage
  1990 | D        | Killed an ogre mage
  1991 | D        | Found Veimaun's Distillery.
  1991 | D        | Noticed a deep troll
  2003 | D        | Killed an ogre mage
  2021 | D        | Killed an ogre mage
  2022 | D        | Reached skill level 15 in Shields
  2029 | D        | Killed a deep troll
  2029 | D        | Noticed a deep troll
  2041 | D        | Found Lamutuj's Book Emporium.
  2047 | D        | Killed an ogre mage
  2063 | D        | Killed a deep troll
  2071 | D        | Killed a deep troll
  2072 | D        | Reached XP level 12. HP: 18/127 MP: 13/18
  2344 | D        | Found Xybotiog's Weapon Shoppe.
  2347 | D        | Noticed a stone giant
  2358 | D        | Killed a stone giant
  2367 | D        | Identified the +1 pair of boots of Hoaf {Stlth+} (Okawaru
                  | gifted it to you in the Dungeon)
  2367 | D        | Received a gift from Okawaru
  2368 | D        | Reached skill level 10 in Invocations
  2481 | D        | Bought a +1 pair of gloves of infusion for 198 gold pieces
  2481 | D        | Bought a +0 kite shield for 54 gold pieces
  2505 | D        | Bought a potion of heal wounds for 65 gold pieces
  2513 | D        | Bought a potion of mutation for 104 gold pieces
  2513 | D        | Bought a potion of brilliance for 52 gold pieces
  2513 | D        | Bought a potion of invisibility for 104 gold pieces
  2513 | D        | Bought a potion of invisibility for 104 gold pieces
  2545 | D        | Noticed Harold
  2557 | D        | Killed Harold
  2705 | D        | Found the +3 hat of Pondering {ponderous, Will+ MP+10
                  | Int+5}
  2745 | D        | Got the +4 ring mail of Ojibar {rPois rF+++ Slay-4 Stlth-}
  2826 | D        | Noticed a stone giant
  2858 | D        | Killed a stone giant
  2877 | D        | Noticed a tengu warrior
  2878 | D        | Noticed a tengu warrior
  2885 | D        | Noticed a stone giant
  2895 | D        | Noticed a rakshasa
  2903 | D        | Noticed an ettin
  2910 | D        | Killed a stone giant
  2919 | D        | Noticed a tengu warrior
  2921 | D        | Killed a tengu warrior
  2933 | D        | Killed a rakshasa
  2941 | D        | Killed a tengu warrior
  2954 | D        | Killed an ettin
  2961 | D        | Killed a tengu warrior
  3157 | D        | Noticed Azrael
  3177 | D        | Killed Azrael
  3177 | D        | Received a gift from Okawaru
  3411 | D        | Noticed a merfolk impaler
  3426 | D        | Reached XP level 13. HP: 93/139 MP: 16/20
  3458 | D        | Received a gift from Okawaru
  3467 | D        | Killed a merfolk impaler
  3692 | D        | Received a gift from Okawaru
  3899 | D        | Received a gift from Okawaru
  3901 | D        | Reached skill level 10 in Throwing
  4054 | D        | Received a gift from Okawaru
  4078 | D        | Received a gift from Okawaru
  4278 | D        | Noticed Aizul
  4279 | D        | Noticed Snorg
  4296 | D        | Killed Aizul
  4313 | D        | Killed Snorg
  4313 | D        | Received a gift from Okawaru
  4499 | D        | Noticed Joseph
  4509 | D        | Killed Joseph
  4566 | D        | Noticed a fire dragon
  4566 | D        | Noticed an ettin
  4566 | D        | Noticed a fire giant
  4566 | D        | Noticed a stone giant
  4566 | D        | Noticed a stone giant
  4715 | D        | Noticed a stone giant
  4718 | D        | Killed a fire dragon
  4722 | D        | Killed a fire giant
  4722 | D        | Received a gift from Okawaru
  4731 | D        | Noticed an ettin
  4734 | D        | Killed a stone giant
  4737 | D        | Noticed an ettin
  4741 | D        | Killed an ettin
  4752 | D        | Received a gift from Okawaru
  4753 | D        | Noticed a fire dragon
  4753 | D        | Noticed a spark wasp
  4757 | D        | Killed a stone giant
  4794 | D        | Killed a stone giant
  4794 | D        | Received a gift from Okawaru
  4803 | D        | Identified the +7 quarterstaff of the Big Bang {protect,
                  | rN+} (Okawaru gifted it to you in the Dungeon)
  4803 | D        | Received a gift from Okawaru
  4804 | D        | Reached XP level 14. HP: 111/154 MP: 2/22
  5526 | D        | Noticed a vault warden
  5526 | D        | Noticed an ironbound preserver
  5539 | D        | Noticed a red very ugly thing
  5551 | D        | Killed a vault warden
  5556 | D        | Killed an ironbound preserver
  5564 | D        | Killed a red very ugly thing
  5566 | D        | Noticed an ironbound preserver
  5571 | D        | Received a gift from Okawaru
  5601 | D        | Killed an ironbound preserver
  5617 | D        | Noticed an ironbound preserver
  5634 | D        | Noticed a vault warden
  5654 | D        | Killed an ironbound preserver
  5667 | D        | Received a gift from Okawaru
  5680 | D        | Killed a vault warden
  6014 | D        | Got the +0 tower shield of the Kraken {rC++ Stlth+}
  6099 | D        | Noticed Margery
  6147 | D        | Killed Margery
  6347 | D        | Noticed an emperor scorpion
  6347 | D        | Noticed an emperor scorpion
  6347 | D        | Noticed an emperor scorpion
  6371 | D        | Killed an emperor scorpion
  6391 | D        | Killed an emperor scorpion
  6405 | D        | Killed an emperor scorpion
  6406 | D        | Noticed an emperor scorpion
  6419 | D        | Killed a ghost moth
  6420 | D        | Reached XP level 15. HP: 152/168 MP: 0/24
  6425 | D        | Noticed an emperor scorpion
  6489 | D        | Killed an emperor scorpion
  6502 | D        | Killed an emperor scorpion
  6504 | D        | Got a gossamer rune of Zot
  6676 | D        | Received a gift from Okawaru
  6750 | D        | Got a decaying rune of Zot
  6883 | D        | Noticed a nagaraja
  6883 | D        | Noticed a nagaraja
  6884 | D        | Noticed a nagaraja
  6889 | D        | Noticed a nagaraja
  6904 | D        | Killed a nagaraja
  6905 | D        | Reached skill level 27 in Shields
  6908 | D        | Killed a nagaraja
  6908 | D        | Received a gift from Okawaru
  6913 | D        | Killed a nagaraja
  6925 | D        | Noticed a nagaraja
  6940 | D        | Killed a nagaraja
  6941 | D        | Reached skill level 15 in Invocations
  6957 | D        | Killed a nagaraja
  6957 | D        | Received a gift from Okawaru
  6971 | D        | Got a serpentine rune of Zot
  7129 | D        | Noticed Ilsuiw
  7166 | D        | Killed Ilsuiw
  7398 | D        | Got a barnacled rune of Zot
  7473 | D        | Noticed Xtahua
  7502 | D        | Killed Xtahua
  7503 | D        | Reached skill level 27 in Fighting
  7629 | D        | Reached skill level 15 in Throwing
  7636 | D        | Reached skill level 27 in Long Blades
  7710 | D        | Reached XP level 16. HP: 165/183 MP: 0/27
  7745 | D        | Received a gift from Okawaru
  7952 | D        | Received a gift from Okawaru
  7969 | D        | Noticed a quicksilver dragon
  7977 | D        | Killed a quicksilver dragon
  7981 | D        | Received a gift from Okawaru
  7984 | D        | Noticed a sphinx
  7990 | D        | Noticed a shadow dragon
  8000 | D        | Killed a sphinx
  8025 | D        | Killed a shadow dragon
  8161 | D        | Noticed a shadow dragon
  8168 | D        | Noticed Frederick
  8168 | D        | Noticed a tengu reaver
  8169 | D        | Killed a shadow dragon
  8174 | D        | Received a gift from Okawaru
  8179 | D        | Killed Frederick
  8183 | D        | Killed a tengu reaver
  8261 | D        | Noticed a shadow dragon
  8261 | D        | Noticed a golden dragon
  8261 | D        | Noticed a golden dragon
  8261 | D        | Noticed a shadow dragon
  8276 | D        | Killed a golden dragon
  8277 | D        | Reached skill level 27 in Armour
  8277 | D        | Noticed a shadow dragon
  8293 | D        | Killed a golden dragon
  8294 | D        | Noticed a titan
  8309 | D        | Killed a shadow dragon
  8347 | D        | Killed a shadow dragon
  8366 | D        | Killed a shadow dragon
  8377 | D        | Killed a titan
  8377 | D        | Received a gift from Okawaru
  8391 | D        | Got a silver rune of Zot
  8551 | D        | Noticed a tengu reaver
  8552 | D        | Noticed Sojobo
  8564 | D        | Killed a tengu reaver
  8591 | D        | Killed Sojobo
  8677 | D        | Identified the +1 tower shield of Beyond {rN+}
  8677 | D        | Noticed Mennas
  8783 | D        | Killed Mennas
  8874 | D        | Noticed Mara
  8876 | D        | Noticed CrazyBamboolord's illusion
  8884 | D        | Killed Mara
  8884 | D        | Received a gift from Okawaru
  8885 | D        | Reached XP level 17. HP: 191/191 MP: 27/30
  8972 | D        | Got the ring "Ratutt" {Str+3 Slay+3}
  8974 | D        | Got the ring of Nonetos {rC+ Will+++ Dex+2}
  8976 | D        | Got the ring "Faipsoch" {Str+6 Dex+4}
  8978 | D        | Got the ring of Ydowuwk {rPois Will+ Str+5 SInv}
  8980 | D        | Got the ring of Jubeef {Drain rN++ Will+++ AC+3 Int+3}
  9138 | D        | Got the +5 demon blade "CrazyBamboolord's Death" {flame,
                  | rF- Will++ Str+5}
  9243 | D        | Noticed Louise
  9256 | D        | Killed Louise
  9280 | D        | Noticed Nikola
  9281 | D        | Noticed Jory
  9299 | D        | Killed Jory
  9305 | D        | Killed Nikola
  9305 | D        | Received a gift from Okawaru
  9414 | D        | Noticed a lich
  9421 | D        | Killed a lich
  9881 | D        | Noticed a quicksilver dragon
  9881 | D        | Noticed a tentacled monstrosity
  9913 | D        | Killed a quicksilver dragon
  9920 | D        | Killed a tentacled monstrosity
  9955 | D        | Received a gift from Okawaru
 10119 | D        | Noticed a tentacled monstrosity
 10121 | D        | Killed a tentacled monstrosity
 10125 | D        | Received a gift from Okawaru
 10339 | D        | Noticed a curse toe
 10339 | D        | Noticed a tentacled monstrosity
 10349 | D        | Killed a curse toe
 10353 | D        | Killed a tentacled monstrosity
 10383 | D        | Reached skill level 27 in Invocations
 10397 | D        | Reached skill level 27 in Throwing
 10404 | D        | Reached skill level 1 in Axes
 10404 | D        | Reached skill level 1 in Maces & Flails
 10404 | D        | Reached skill level 1 in Polearms
 10549 | D        | Noticed an orb of fire
 10567 | D        | Gained mutation: You do not regenerate when monsters are
                  | visible. [an orb of fire]
 10581 | D        | Gained mutation: Armour fits poorly on your strangely
                  | shaped body. [an orb of fire]
 10585 | D        | Killed from afar by an orb of fire

Illustrated notes

Levels and vault maps discovered:
D:        linesprint [early_d, line_temple, items_1, d_10, items_2, lair_1,
          lair_end, items_3, orc_1, orc_end, items_4, d_15, swamp_1, shoals_1,
          snake_1, spider_1, d_20, vaults_1, items_5, swamp_end, shoals_end,
          snake_end, spider_end, vaults_end, d_27, items_6, zot_1, zot_end,
          crypt_end, forest_end, elf_end, slime_end, tomb_end, abyss_end,
          pan_hell_end]

Skill      XL: |  1  2  3  4  5  6  7  8  9 10 11 12 13 14 15 16 17 |
---------------+----------------------------------------------------+-----
Fighting       | 5 7 9 11 12 13 15 18 20 22 24 27 | 27.0
Armour         | 5 7 9 11 12 14 16 18 19 22 27 | 27.0
Shields        | 5 6 7 8 10 11 12 13 15 18 22 25 27 | 27.0
Long Blades    | 3 4 5 6 8 9 11 14 16 18 20 22 24 27 | 27.0
Dodging        | 1 2 3 |  3.1
Invocations    | 2 4 5 7 8 9 11 12 14 16 21 27 | 27.0
Throwing       | 1 4 7 9 11 13 15 22 27 | 27.0
Axes           | 1 |  1.0
Maces & Flails | 1 |  1.0
Polearms       | 1 |  1.0
Ranged Weapons | |  0.8
Conjurations   | |  0.4
Hexes          | |  0.4
Summonings     | |  0.4
Necromancy     | |  0.4
Translocations | |  0.4
Transmutations | |  0.5
Fire Magic     | |  0.3
Ice Magic      | |  0.3
Air Magic      | |  0.3
Earth Magic    | |  0.4
Poison Magic   | |  0.3

Action                     |  1- 3 |  4- 6 |  7- 9 | 10-12 | 13-15 | 16-18 || total
---------------------------+-------+-------+-------+-------+-------+-------++-------
  Melee: Long sword        |    16 |     4 |       |       |       |       ||    20
         Headbutt          |     3 |     5 |    16 |   139 |   317 |   162 ||   642
         Scimitar          |       |    12 |    69 |   517 |  1119 |   229 ||  1946
         Double sword      |       |       |       |       |       |   132 ||   132
         Eudemon blade     |       |       |       |       |       |   353 ||   353
  Throw: Boomerang         |       |       |       |       |       |    26 ||    26
         Javelin           |       |       |       |       |       |    22 ||    22
 Invoke: Heroism           |       |       |     2 |     8 |    15 |    13 ||    38
         Finesse           |       |       |     2 |     5 |    13 |    13 ||    33
  Evoke: Wand              |       |       |     2 |       |       |       ||     2
    Use: Potion            |     1 |     2 |     2 |    10 |    10 |     5 ||    30
         Scroll            |       |       |     2 |     6 |     3 |     6 ||    17
   Stab: Confused          |       |       |       |       |     1 |       ||     1
         Distracted        |       |       |       |       |       |     1 ||     1
 Armour: Scale mail        |     6 |     1 |       |       |       |       ||     7
         Chain mail        |       |     3 |    22 |    75 |       |       ||   100
         Crystal plate arm |       |       |       |    47 |   311 |   157 ||   515
  Dodge: Dodged            |     3 |     3 |    14 |    65 |   110 |    69 ||   264
  Block: Buckler           |     2 |     2 |    14 |   106 |       |       ||   124
         Reflection        |       |       |       |     2 |    14 |       ||    16
         Tower shield      |       |       |       |   125 |   736 |   350 ||  1211
         Kite shield       |       |       |       |     3 |       |       ||     3

Table legend: (Time is in decaauts)
 A = Elapsed time spent in this place.
 B = Non-inter-level travel time spent in this place.
 C = Inter-level travel time spent in this place.
 D = Time resting spent in this place.
 E = Time spent auto-exploring this place.
 F = Levels seen in this place.
 G = Mean time per level.
                   A        B        C        D        E       F      G
               +--------+--------+--------+--------+--------+-----+--------+
         Total |   9366 |   8997 |    369 |   4407 |   1505 |   1 | 9366.0 |
       Dungeon |   9366 |   8997 |    369 |   4407 |   1505 |   1 | 9366.0 |
               +--------+--------+--------+--------+--------+-----+--------+

Top non-repeatable levels by time:
       D: 9366 daAuts
